 Dungeon Crawl Stone Soup version 0.18.1-6-gd335043 (webtiles) character file.

44 Larett the Charlatan (level 3, 0/30 HPs)
             Began as a Deep Dwarf Artificer on May 17, 2016.
             Killed by divine providence
             ... invoked by an orc priest
              (13 damage)
             ... on level 3 of the Dungeon.
             The game lasted 00:03:15 (1484 turns).

Larett the Charlatan (Deep Dwarf Artificer)         Turns: 1484, Time: 00:03:16

Health: 0/30       AC:  4    Str: 15    XL:     3   Next: 39%
Magic:  7/7        EV: 12    Int: 12    God:
Gold:   74         SH:  0    Dex: 13    Spells: 0 memorised, 2 levels left

rFire  . . .     SeeInvis .     a - +0 short sword
rCold  . . .     Gourm    .     b - +0 leather armour
rNeg   . . .     Faith    .     (no shield)
rPois  .         Spirit   .     (no helmet)
rElec  .         Dismiss  .     (no cloak)
rCorr  .         Reflect  .     w - +0 pair of gloves
SustAt .         Harm     .     (no boots)
MR     .....                    (no amulet)
Stlth  +.........               (no ring)
                                (no ring)

@: non-regenerating, not resistant to hostile enchantments, very unstealthy
A: damage resistance, recharge devices, sense surroundings 1, slow regeneration
3
a: Device Recharging


You were on level 3 of the Dungeon.
You were hungry.

You visited 1 branch of the dungeon, and saw 3 of its levels.

You collected 74 gold pieces.

Inventory:

Hand Weapons
 a - a +0 short sword (weapon)
Missiles
 h - 117 stones (quivered)
 k - 48 arrows
 u - 22 bolts
 v - 12 sling bullets
Armour
 b - a +0 leather armour (worn)
 w - a +0 pair of gloves (worn)
Jewellery
 n - an uncursed ring of wizardry {unknown}
Wands
 c - a wand of flame (15/48)
 d - a wand of enslavement (13/24)
 e - a wand of random effects (15/48)
 f - a wand of heal wounds (3/9)
Scrolls
 j - a scroll of immolation {unknown}
 o - 3 scrolls of identify {unknown}
 q - a scroll of teleportation {unknown}
 r - a scroll of enchant armour {unknown}
Potions
 i - a potion of haste {unknown}
 l - 2 potions of lignification {unknown}
 m - 2 potions of magic {unknown}
 p - a potion of resistance {unknown}
 s - a potion of might {unknown}
Comestibles
 g - a bread ration


   Skills:
 - Level 0.8 Fighting
 - Level 0.8 Short Blades
 - Level 2.1 Dodging
 - Level 1.2 Stealth
 + Level 5.9 Evocations


You had 2 spell levels left.
You didn't know any spells.

Dungeon Overview and Level Annotations

Branches:
Dungeon (3/15)

Altars:


Innate Abilities, Weirdness & Mutations

You are resistant to damage.
You can recharge devices by infusing magical energy.
You passively map a small area around you.
You do not regenerate naturally.


Message History

Aim: an orc, wielding a dagger (chance to defeat MR: 87%)
The orc is charmed.
This wand has 13 charges left.
The orc hits your orc with a hand axe.
Your orc closely misses the orc.
What do you say? t - Shout!
Orders for allies: a - Attack new target. p - Attack previous target. r - Retreat! s - Stop attacking. w - Wait here. f - Follow me.
Anything else - Stay silent.
Gang up on whom?
Press: ? - help, Dir - move target cursor, f - orc, p - orc
Aim: an orc, wielding a hand axe Attack!
You hear a shout!
Your orc closely misses the orc.
The orc barely misses your orc.
Your orc misses the orc. The orc closely misses your orc.
The orc priest calls down the wrath of Beogh upon you.
Beogh smites you!
You die... , ,## #. , .... , , * , **.#.***** *** ..### oo.,

, * #o# ##### #o#
,
,,###...########.#
* * ,
#.#.......#.....q#
* ,
#......<..#.######
* * #.#.......#.#
#.#.......# ,, ,
,, #,#####.### * ,
, * , ,...# *
##### * * * ,


You could see an orc priest, 2 orcs and a friendly orc.

Vanquished Creatures
  An adder (D:2)
  An ooze (D:2)
  A worm (D:2)
  4 hobgoblins
  6 jackals
  A quokka (D:2)
  3 bats
  2 giant newts
  2 kobolds
  7 rats (D:1)
28 creatures vanquished.

Notes
Turn   | Place    | Note
--------------------------------------------------------------
     0 | D:1      | Larett the Deep Dwarf Artificer began the quest for the Orb.
     0 | D:1      | Reached XP level 1. HP: 16/16 MP: 3/3
   492 | D:1      | Reached XP level 2. HP: 15/24 MP: 5/5
   652 | D:2      | Reached skill level 5 in Evocations
  1006 | D:2      | Reached XP level 3. HP: 15/30 MP: 7/7
  1484 | D:3      | Killed from afar by an orc priest

Skill      XL: |  1  2 |
---------------+-------+-----
Evocations     | 5 |  5.9
Fighting       | |  0.8
Short Blades   | |  0.8
Dodging        | |  2.1
Stealth        | |  1.2

Action                   || total
-------------------------++-------
Melee: Short sword       ||   130
Evoke: Wand              ||     4
 Stab: Sleeping          ||     2
  Eat: Chunk             ||     1
Armor: Leather armour    ||    35
Dodge: Dodged            ||    79
